 Dungeon Crawl Stone Soup version 0.31-a0-664-g902f515a81 (webtiles) character file.

Game seed: 14065037880036727703

472 pokeman the Magician (level 6, -2/34 HPs)
             Began as a Deep Elf Hedge Wizard on Sept 2, 2023.
             Frozen to death by an endoplasm (4 damage)
             ... in a sewer.
             The game lasted 00:09:01 (3037 turns).

pokeman the Magician (Deep Elf Hedge Wizard)        Turns: 3037, Time: 00:09:01

Health: -2/34      AC:  4    Str:  7    XL:     6   Next: 83%
Magic:  14/18      EV: 13    Int: 21    God:
Gold:   79         SH:  0    Dex: 14    Spells: 11/19 levels left

rFire   . . .        m - +2 trident (heavy)
rCold   . . .        (no shield)
rNeg    . . .        b - +0 robe
rPois   .            k - +2 hat
rElec   .            (no cloak)
rCorr   .            (no gloves)
SInv    .            (no boots)
Will    .....        (no amulet)
Stlth   ++           (no ring)
HPRegen 0.25/turn    (no ring)
MPRegen 0.16/turn

%: no passive effects
@: slowed, very slow
A: no striking features
a: no special abilities


You were in a sewer.
You visited 1 branch of the dungeon, and saw 5 of its levels.
You also visited: Sewer.

You collected 79 gold pieces.

Inventory:

Hand Weapons
 m - a +2 heavy trident (weapon)
Missiles
 n - a curare-tipped dart
Armour
 b - a +0 robe (worn)
 k - a +2 hat (worn)
 l - a +0 buckler
Scrolls
 c - a scroll of blinking {unknown}
 e - 2 scrolls of vulnerability {unknown}
 f - a scroll of fear {unknown}
 h - 2 scrolls of identify {unknown}
 i - 2 scrolls of amnesia {unknown}
 j - a scroll of noise {unknown}
 o - a scroll of fog {unknown}
 q - a scroll of teleportation {unknown}
Potions
 a - a potion of might {unknown}
 d - a potion of magic
 g - a potion of heal wounds {unknown}
 p - a potion of mutation {unknown}


   Skills:
 + Level 1.4 Fighting
 - Level 1.0 Armour
 - Level 3.2 Dodging
 - Level 3.2 Stealth
 - Level 1.0 Shields
 * Level 7.4 Spellcasting
 + Level 3.4 Conjurations
 - Level 1.1 Summonings
 - Level 1.1 Translocations
 - Level 1.2 Air Magic
 - Level 1.2 Poison Magic


You had 11 spell levels left.
You knew the following spells:

 Your Spells              Type           Power      Damage    Failure   Level
a - Magic Dart            Conj           88%        1d7       1%          1
b - Mephitic Cloud        Conj/Pois/Air  16%        N/A       11%         3
c - Call Imp              Summ           24%        N/A       9%          2
d - Blink                 Tloc           24%        N/A       9%          2

Your spell library contained the following spells:

 Spells                   Type           Power      Damage    Failure   Level
 Slow                     Hex            28%        N/A       9%          1
 Cigotuvi's Dreadful Rot  Necr/Pois/Air  22%        N/A       9%          2
 Sublimation of Blood     Necr           7%         N/A       13%         2
 Petrify                  Tmut/Erth      7%         N/A       63%         4
 Irradiate                Conj/Tmut      7%         3d14      75%         5


Dungeon Overview and Level Annotations

Branches:
Dungeon (5/15)              Sewer (1/1)
 Temple: D:4-7

Altars:
Nemelex Xobeh
Xom

Annotations:
D:3 1 transporter, snaxamus's ghost, amateur DsGl


Message History

The kobold brigand is engulfed in noxious fumes.
The kobold brigand appears confused.
Unknown command.
Reach: m) +2 trident (heavy)
Press: ? - help, Dir - move target, f/p - kobold brigand
Aim: a kobold brigand, wielding a +0 dagger and quivering curare-tipped darts (confused, about 26% to evade your +2 heavy trident)
You puncture the kobold brigand!
The kobold brigand is moderately wounded.
You feel extremely sick.
The kobold brigand is engulfed in noxious fumes.
The kobold brigand appears confused.
The kobold brigand is engulfed in noxious fumes.
The kobold brigand appears confused.
An endoplasm comes into view.
Reach: m) +2 trident (heavy)
Press: ? - help, Dir - move target, f/p - kobold brigand
Aim: a kobold brigand, wielding a +0 dagger and quivering curare-tipped darts (moderately wounded, confused, about 26% to evade your +2 heavy trident)
You reach to attack!
You catch the helpless kobold brigand completely off-guard!
You hit the kobold brigand.
The kobold brigand is moderately wounded.
You feel very sick.
The kobold brigand hits you with a +0 dagger.
* * * LOW HITPOINT WARNING * * *
The endoplasm quivers.
Reach: m) +2 trident (heavy)
Press: ? - help, Dir - move target, f/p - kobold brigand
Aim: a kobold brigand, wielding a +0 dagger and quivering curare-tipped darts (moderately wounded, confused, about 26% to evade your +2 heavy trident)
You reach to attack!
You puncture the kobold brigand!
The kobold brigand is severely wounded.
You feel very sick.
You are no longer poisoned.
The endoplasm closely misses you. The endoplasm freezes you.
You are frozen.
* * * LOW HITPOINT WARNING * * *
The endoplasm barely misses you. The endoplasm freezes you.
You are frozen.
You die...

## ~~~~##### ~~~~#####.
#~~.K~####### ~.~~~...~~
~~~~###~J@....## #~~.~~~~.
### #~.~~.~.~# #.~.~.~~
K~~~~###)~.~~~~~####~.~~.~~
#~~~.~####.~..##....~...
.~r~~##### ##..~~..~~.~~.~
### ##~~.~~~~.~...
#~~~~....∩... #~~~..~.....~
#~~~..~..∩.~.


You could see a kobold brigand (confused) and an endoplasm.

Vanquished Creatures
  5 kobold brigands (Sewer)
  An iguana (D:5)
  2 adders
  2 worms (Sewer)
  A dart slug (D:1)
  3 orcs (D:3)
  9 endoplasms
  2 giant cockroaches
  5 goblins
  4 hobgoblins
  9 jackals
  4 kobolds
  2 quokkas (D:3)
  11 ball pythons
  2 bats
  3 frilled lizards
  11 rats
76 creatures vanquished.

Notes
Turn   | Place    | Note
-------+----------+-------------------------------------------
     0 | D:1      | pokeman the Deep Elf Hedge Wizard began the quest for the
                  | Orb.
     0 | D:1      | Reached XP level 1. HP: 10/10 MP: 7/7
   163 | D:1      | Reached XP level 2. HP: 10/15 MP: 1/9
   652 | D:1      | Reached skill level 5 in Spellcasting
   809 | D:1      | Reached XP level 3. HP: 20/20 MP: 4/11
   815 | D:1      | Learned a level 3 spell: Mephitic Cloud
   818 | D:1      | Learned a level 2 spell: Call Imp
   821 | D:1      | Learned a level 2 spell: Blink
  1009 | D:2      | Identified the +4 ring mail of Experimentation {Harm rElec
                  | rF-}
  1068 | D:2      | Reached skill level 1 in Armour
  1139 | D:2      | Found a shimmering altar of Xom.
  1222 | D:2      | Reached skill level 1 in Fighting
  2034 | D:3      | Reached XP level 4. HP: 25/25 MP: 10/13
  2145 | D:3      | Found a sparkling altar of Nemelex Xobeh.
  2226 | D:3      | You fall into a shaft and drop 2 floors!
  2226 | D:5      | Entered Level 5 of the Dungeon
  2370 | D:3      | Found a transporter.
  2374 | D:3      | Noticed snaxamus's ghost (amateur DsGl)
  2393 | D:3      | Found a glowing drain.
  2406 | Sewer    | Entered a sewer
  2427 | Sewer    | Noticed a kobold brigand
  2427 | Sewer    | Noticed a kobold brigand
  2446 | Sewer    | Killed a kobold brigand
  2447 | Sewer    | Reached skill level 1 in Shields
  2447 | Sewer    | Reached skill level 6 in Spellcasting
  2447 | Sewer    | Reached XP level 5. HP: 17/29 MP: 7/15
  2621 | Sewer    | Reached skill level 1 in Air Magic
  2621 | Sewer    | Reached XP level 6. HP: 31/34 MP: 13/17
  2711 | Sewer    | Reached skill level 7 in Spellcasting
  3030 | Sewer    | Reached skill level 1 in Poison Magic
  3037 | Sewer    | Frozen to death by an endoplasm

Illustrated notes

Levels and vault maps discovered:
D:1:      dpeg_arrival_signposts, layout_rooms, minmay_pentomino_v4
D:2:      layout_basic, basic_altar, minmay_tree_intersection
D:3:      layout_loops_corners, nemelex_diamond_rough_becter,
          gammafunk_ghost_stat_death, serial_shops, nicolae_shop_rolled_up,
          cheibrodos_sewer_entry_bend
D:4:      layout_basic, fedhas_altar_fruit_tree, eat_drink_and_be_merry_uskayaw,
          uniq_ijyb
D:5:      layout_basic, hellmonk_ghost_happy_afterlife,
          kennysheep_generic_room_10
Sewer:    sewer_co_tree

Skill      XL: |  1  2  3  4  5  6 |
---------------+-------------------+-----
Spellcasting   | 5 6 7 |  7.4
Armour         | 1 |  1.0
Fighting       | 1 |  1.4
Conjurations   | 2 3 |  3.4
Dodging        | 3 |  3.2
Shields        | 1 |  1.0
Stealth        | 3 |  3.2
Air Magic      | 1 |  1.2
Poison Magic   | 1 |  1.2
Summonings     | |  1.1
Translocations | |  1.1

Action                     |  1- 3 |  4- 6 || total
---------------------------+-------+-------++-------
  Melee: Dagger            |     4 |       ||     4
         Trident           |       |    70 ||    70
   Cast: Magic Dart        |   118 |    25 ||   143
         Mephitic Cloud    |       |    13 ||    13
   Stab: Sleeping          |       |     2 ||     2
         Confused          |       |     9 ||     9
 Armour: Robe              |    12 |    25 ||    37
  Dodge: Dodged            |    14 |    23 ||    37

Table legend: (Time is in decaauts)
 A = Elapsed time spent in this place.
 B = Non-inter-level travel time spent in this place.
 C = Inter-level travel time spent in this place.
 D = Time resting spent in this place.
 E = Time spent auto-exploring this place.
 F = Levels seen in this place.
 G = Mean time per level.
                   A        B        C        D        E       F      G
               +--------+--------+--------+--------+--------+-----+--------+
         Total |   3217 |   3142 |     75 |     47 |   2220 |   6 |  536.2 |
       Dungeon |   2419 |   2344 |     75 |     29 |   1672 |   5 |  483.8 |
         Sewer |    798 |    798 |      0 |     18 |    548 |   1 |  798.0 |
               +--------+--------+--------+--------+--------+-----+--------+

Top non-repeatable levels by time:
     D:1: 1005 daAuts
     D:2: 947 daAuts
   Sewer: 798 daAuts
     D:3: 429 daAuts
     D:5: 30 daAuts
     D:4: 6 daAuts
